 Dungeon Crawl Stone Soup version 0.27.0-1-g7a089689b8 (webtiles) character file.

Game seed: 11227343651201935789

3862 hawla the Reanimator (level 9, -4/49 HPs)
             Began as a Deep Elf Necromancer on Aug 14, 2021.
             Slain by Harold (25 damage)
             ... on level 8 of the Dungeon.
             The game lasted 00:27:41 (10119 turns).

hawla the Reanimator (Deep Elf Necromancer)        Turns: 10119, Time: 00:27:42

Health: -4/49      AC:  7    Str:  5    XL:     9   Next: 99%
Magic:  12/24      EV: 16    Int: 24    God:
Gold:   389        SH:  0    Dex: 21    Spells: 14/27 levels left

rFire    . . .     SeeInvis .   p - +4 quarterstaff (chaos)
rCold    . . .     Faith    .   (shield currently unavailable)
rNeg     . . .     Spirit   .   a - +0 robe
rPois    .         Reflect  .   f - +2 helmet
rElec    .         Harm     .   q - +0 cloak
rCorr    .         Rampage  .   (no gloves)
Will     .....                  r - +0 pair of boots
Stlth    +++.......             (no amulet)
HPRegen  0.16/turn              n - ring of wizardry
MPRegen  0.19/turn              c - +6 ring of dexterity

@: no status effects
A: no striking features
a: no special abilities


You were on level 8 of the Dungeon.
You visited 2 branches of the dungeon, and saw 9 of its levels.

You collected 389 gold pieces.

Inventory:

Hand Weapons
 p - a +4 quarterstaff of chaos (weapon)
Missiles
 s - 3 boomerangs (quivered)
Armour
 a - a +0 robe (worn)
 f - a +2 helmet (worn)
 q - a +0 cloak (worn)
 r - a +0 pair of boots (worn)
Jewellery
 c - a +6 ring of dexterity (right hand)
 l - a ring of wizardry
 n - a ring of wizardry (left hand)
Wands
 b - a wand of charming (9)
 d - a wand of mindburst (16)
 u - a wand of acid (13)
 v - a wand of digging (11)
 x - a wand of polymorph (6)
Scrolls
 i - 2 scrolls of magic mapping
Potions
 g - 2 potions of cancellation
 h - 2 potions of curing
 o - a potion of brilliance


   Skills:
 + Level 2.7 Fighting
 + Level 5.5 Staves
 + Level 1.0 Throwing
 + Level 6.0 Dodging
 + Level 5.2 Stealth
 + Level 9.5 Spellcasting
 + Level 10.2 Necromancy
 + Level 4.6 Earth Magic
 + Level 0.4 Evocations


You had 14 spell levels left.
You knew the following spells:

 Your Spells              Type           Power      Damage    Failure   Level
a - Pain                  Necr           100%       1d9       1%          1
b - Vampiric Draining     Necr           28%        2d10      1%          3
c - Animate Dead          Necr           28%        N/A       1%          4
d - Borgnjor's Vile Clut  Necr/Erth      23%        N/A       3%          5

Your spell library contained the following spells:

 Spells                   Type           Power      Damage    Failure   Level
 Animate Skeleton         Necr           100%       N/A       1%          1
 Corpse Rot               Necr/Air       N/A        N/A       1%          2
 Agony                    Necr           57%        N/A       1%          5
 Poisonous Vapours        Pois/Air       22%        N/A       3%          2
 Death Channel            Necr           28%        N/A       5%          6
 Summon Ice Beast         Ice/Summ       11%        N/A       22%         4
 Freezing Cloud           Conj/Ice/Air   5%         6-21      50%         5
 Summon Mana Viper        Hex/Summ       11%        N/A       50%         5
 Monstrous Menagerie      Summ           5%         N/A       100%        7


Dungeon Overview and Level Annotations

Branches:
Dungeon (8/15)             Temple (1/1) D:6
   Lair: D:8-11

Altars:
Ashenzari
Cheibriados
Elyvilon
Fedhas
Gozag
Hepliaklqana
Kikubaaqudgha
Nemelex Xobeh
Okawaru
Qazlal
Ru
Uskayaw
Vehumet
Wu Jian
Xom
Yredelemnul
Zin
The Shining One
Beogh

Annotations:
D:8 Harold


Message History

Harold shouts!
Harold zaps a wand.
Your will is overpowered!
You are confused.
Harold zaps a wand.
Your will is overpowered!
You are more confused.
Your magical effects are unravelling.
You feel magically purged.
You feel less confused.
Harold throws a throwing net.
The throwing net barely misses you.
Casting: Animate Dead (safe; 1% risk of failure)
Confirm with . or Enter, or press ? or * to list all spells.
Aiming: Borgnjor's Vile Clutch (dangerous; 3% risk of failure)
Press: ? - help, Shift-Dir - straight line, f - Harold
Aim: Harold, wielding a +0 glaive, wearing a +0 scale mail, quivering 2 throwing nets and carrying a wand of charming (7) (100% to hit)
Zombie hands grab Harold.
The zombie hands constrict Harold!
Harold hits you from afar with a +0 glaive!
The zombie hands constrict Harold.
Harold says, "This is so exciting!
What a great way to end my career!"
Harold escapes!
Harold hits you from afar with a +0 glaive!!
Casting: Borgnjor's Vile Clutch (dangerous; 3% risk of failure)
Confirm with . or Enter, or press ? or * to list all spells.
Aiming: Borgnjor's Vile Clutch (dangerous; 3% risk of failure)
Press: ? - help, Shift-Dir - straight line, f/p - Harold
Aim: Harold, wielding a +0 glaive, wearing a +0 scale mail, quivering 2 throwing nets and carrying a wand of charming (7) (moderately wounded, 100% to hit)
Zombie hands grab Harold.
The zombie hands constrict Harold.
Harold zaps a wand.
You easily resist.
The zombie hands constrict Harold!
Harold hits you with a +0 glaive!
* * * LOW HITPOINT WARNING * * *
You see here a throwing net.
Casting: Borgnjor's Vile Clutch (dangerous; 3% risk of failure)
Confirm with . or Enter, or press ? or * to list all spells.
Aiming: Vampiric Draining (safe; 1% risk of failure)
Press: ? - help, Shift-Dir - straight line, f/p - Harold
Aim: Harold, wielding a +0 glaive, wearing a +0 scale mail, quivering 2 throwing nets and carrying a wand of charming (6) (heavily wounded, constricted by zombie hands)
You draw life force from Harold!!
You feel life coursing into your body!
The zombie hands constrict Harold.
Harold hits you with a +0 glaive!!
Ouch! That really hurt!
You die...

...#......#####...........
#..####...................
... ##..######.#.##...#.
##. ...................
##.######.#........
.#.####.#...#.##.
.................
#...............
#....@@.........
#..###.#.....$.. ..
.._......##.
...#(#........
#.###..#.....##. .
..........# ##........##
..........


You could see Harold (clutched).

Vanquished Creatures
  Joseph (D:7)
  A hornet (D:6)
  A vampire mosquito (D:7)
  3 orc warriors
  A black bear (D:6)
  2 hornet zombies (D:6)
  An ogre (D:6)
  2 necrophages
  2 ice beasts
  2 centaurs
  2 phantoms
  3 bullfrogs
  12 scorpions
  A wyvern skeleton (D:7)
  4 killer bees
  4 wights (D:6)
  A howler monkey (D:5)
  A bullfrog zombie (D:4)
  A centaur skeleton (D:7)
  An orc priest (D:5)
  Crazy Yiuf (D:2)
  A jelly (D:6)
  Terence (D:2)
  3 iguanas
  Ijyb (D:4)
  4 orc wizards
  2 howler monkey zombies
  3 gnolls (D:4)
  4 adders
  2 white imps
  4 worms
  4 dart slugs
  14 orcs
  7 ball pythons
  6 endoplasms
  4 giant cockroaches
  3 goblins
  8 hobgoblins
  6 jackals (D:2)
  3 bats
  A frilled lizard (D:1)
  8 kobolds
  10 rats
146 creatures vanquished.

Vanquished Creatures (collateral kills)
  A scorpion (D:7)
  3 orcs (D:5)
  A butterfly (D:7)
5 creatures vanquished.

Vanquished Creatures (others)
  2 scorpions (D:5)
  3 orcs (D:5)
5 creatures vanquished.

Grand Total: 156 creatures vanquished

Notes
Turn   | Place    | Note
-------+----------+-------------------------------------------
     0 | D:1      | hawla the Deep Elf Necromancer began the quest for the Orb.
     0 | D:1      | Reached XP level 1. HP: 10/10 MP: 6/6
   140 | D:1      | Reached skill level 5 in Necromancy
   417 | D:1      | Reached XP level 2. HP: 11/15 MP: 5/8
  1278 | D:2      | Found a faded altar of an unknown god.
  1290 | D:2      | Noticed Terence
  1295 | D:2      | Killed Terence
  1296 | D:2      | Reached XP level 3. HP: 16/20 MP: 4/9
  1304 | D:2      | Learned a level 3 spell: Vampiric Draining
  1560 | D:2      | Reached skill level 1 in Fighting
  1710 | D:2      | Found a runed translucent door.
  1711 | D:2      | Noticed Crazy Yiuf
  1809 | D:2      | Reached XP level 4. HP: 16/25 MP: 4/11
  1814 | D:2      | Learned a level 4 spell: Animate Dead
  2448 | D:2      | Killed Crazy Yiuf
  2745 | D:3      | Reached skill level 6 in Necromancy
  2745 | D:3      | Reached XP level 5. HP: 29/29 MP: 9/13
  3671 | D:4      | Identified a scroll of acquirement
  3671 | D:4      | Acquired a book of Unlife
  3689 | D:4      | Reached skill level 1 in Staves
  3873 | D:4      | Noticed Ijyb
  3882 | D:4      | Killed Ijyb
  4384 | D:4      | Reached XP level 6. HP: 30/34 MP: 10/14
  4708 | D:5      | Entered Level 5 of the Dungeon
  5050 | D:5      | Found a runed translucent door.
  5070 | D:5      | Reached skill level 5 in Dodging
  5079 | D:5      | Noticed an orc warrior
  5132 | D:5      | Reached skill level 7 in Necromancy
  5132 | D:5      | Reached XP level 7. HP: 38/38 MP: 15/15
  5139 | D:5      | Learned a level 5 spell: Borgnjor's Vile Clutch
  5671 | D:5      | Reached skill level 5 in Spellcasting
  5894 | D:5      | Reached skill level 1 in Earth Magic
  6359 | D:5      | Reached XP level 8. HP: 43/43 MP: 12/18
  6682 | D:6      | Noticed a hornet
  6688 | D:6      | Killed a hornet
  6689 | D:6      | Reached skill level 8 in Necromancy
  7612 | D:6      | Found a staircase to the Ecumenical Temple.
  7866 | D:6      | Reached skill level 9 in Necromancy
  7866 | D:6      | Reached XP level 9. HP: 36/48 MP: 11/22
  8017 | Temple   | Entered the Ecumenical Temple
  8979 | D:7      | Found a sacrificial altar of Ru.
  8993 | D:7      | Noticed Joseph
  9011 | D:7      | Killed Joseph
  9012 | D:7      | Reached skill level 5 in Staves
  9342 | D:7      | Found an ancient bone altar of Kikubaaqudgha.
  9388 | D:7      | Found a stormy altar of Qazlal.
  9529 | D:7      | Found a runed translucent door.
  9531 | D:7      | Found a runed translucent door.
  9570 | D:7      | Reached skill level 5 in Stealth
  9581 | D:7      | Reached skill level 10 in Necromancy
  9589 | D:7      | Reached skill level 1 in Throwing
  9949 | D:7      | Found a glowing golden altar of the Shining One.
  9972 | D:7      | Found an iron altar of Okawaru.
 10106 | D:8      | Found a broken altar of Ashenzari.
 10108 | D:8      | Noticed Harold
 10119 | D:8      | Slain by Harold

Illustrated notes

Levels and vault maps discovered:
D:1:      dpeg_arrival_three_same_balls, layout_basic, minmay_tiny_reverse_x
D:2:      layout_basic, hellmonk_ecumenical_altar_crossroads,
          uniq_crazy_yiuf_cottage, uniq_terence
D:3:      layout_basic, grunt_ministairs_13, dk_noncrumbling_3,
          minmay_statues_item
D:4:      layout_basic, uniq_ijyb
D:5:      layout_loops_cross, chequers_serial_rivers_marsh,
          lightli_church_of_beogh
D:6:      layout_loops_ring, minmay_temple_entry_slanted
D:7:      lemuel_insect_pit, layout_loops_ring, lemuel_round_altar,
          pf_just_have_faith, mainiacjoe_overflow_surrounded_room,
          tso_oasis_becter, nicolae_qazlal_eye_of_the_storm, uniq_joseph
D:8:      layout_basic, grunt_dithmenos_smoke_and_mirrors, ashenzari_altar_1,
          makhleb_grotto_becter, item_on_display_b, uniq_harold
Temple:   minmay_temple_bridge_abc

Skill      XL: |  1  2  3  4  5  6  7  8  9 |
---------------+----------------------------+-----
Necromancy     | 5 6 7 9 10 | 10.2
Dodging        | 3 4 5 6 |  6.0
Stealth        | 3 4 5 |  5.2
Fighting       | 1 2 |  2.7
Spellcasting   | 4 5 7 9 |  9.5
Staves         | 1 2 3 4 5 |  5.5
Earth Magic    | 1 3 4 |  4.6
Throwing       | 1 |  1.0
Evocations     | |  0.4

Action                   |  1- 3 |  4- 6 |  7- 9 || total
-------------------------+-------+-------+-------++-------
Melee: Short sword       |     5 |    13 |       ||    18
       Quarterstaff      |       |    85 |    91 ||   176
Throw: Boomerang         |       |       |     6 ||     6
 Cast: Pain              |    48 |    20 |    11 ||    79
       Vampiric Draining |     2 |     6 |    12 ||    20
       Animate Dead      |       |     4 |    15 ||    19
       Borgnjor's Vile C |       |       |    38 ||    38
Evoke: Wand              |       |       |     2 ||     2
  Use: Scroll            |     6 |     4 |     8 ||    18
       Potion            |       |       |     9 ||     9
 Stab: Sleeping          |       |    10 |     1 ||    11
       Distracted        |       |     1 |     2 ||     3
       Confused          |       |     1 |       ||     1
Armor: Robe              |     5 |    26 |    29 ||    60
       Skin              |       |       |     7 ||     7
Dodge: Dodged            |     2 |    67 |   110 ||   179
